 Dungeon Crawl Stone Soup version 0.29.1-15-g9cfb28693d (webtiles) character file.

Game seed: 9093733672202227445

20330 croobank the Anamnesiscian (level 12, -3/78 HPs)
             Began as a Demonspawn Fire Elementalist on Apr 20, 2023.
             Was an Elder of Hepliaklqana.
             Hit by a large rock thrown by a cyclops (29 damage)
             ... on level 11 of the Dungeon.
             The game lasted 00:32:52 (14143 turns).

croobank the Anamnesiscian (DsFE)                  Turns: 14143, Time: 00:32:52

Health: -3/78      AC:  9    Str:  9    XL:     12   Next: 44%
Magic:  28/30      EV: 17    Int: 23    God:    Hepliaklqana [****..]
Gold:   477        SH:  0    Dex:  9    Spells: 14/23 levels left

rFire   + . .      SeeInvis .   c - +5 dagger (distort)
rCold   . . .      Faith    .   (no shield)
rNeg    . . .      Spirit   .   f - +2 robe of the Harvest {Int+2 Dex-3 Archmagi}
rPois   .          Reflect  .   (helmet restricted)
rElec   +          Harm     .   (no cloak)
rCorr   +          Rampage  .   r - +1 pair of gloves of Osmaqun {rElec rF+ rCorr Dex-2}
Will    .....      Archmagi +   (no boots)
Stlth   +++.......              (no amulet)
HPRegen 0.23/turn               P - ring of magical power
MPRegen 0.22/turn               v - +4 ring of evasion

@: no status effects
A: reduced essence, antennae 2, yellow scales 2, demonic guardian 1, spiny 3
a: Renounce Religion, Recall Ancestor, Ancestor Identity, Transference, Idealise


You were on level 11 of the Dungeon.
You worshipped Hepliaklqana.
Hepliaklqana was greatly pleased with you.
You visited 2 branches of the dungeon, and saw 12 of its levels.
You also visited: Ossuary.

You collected 774 gold pieces.
You spent 297 gold pieces at shops.

Inventory:

Hand Weapons
 c - a +5 dagger of distortion (weapon)
 j - a +0 scimitar
 A - a +6 vorpal quarterstaff
 C - the +2 spear of Freehold {vorpal, rPois}
   (You found it on level 7 of the Dungeon)

   It inflicts extra damage upon your enemies.
   rPois:     It protects you from poison.
 H - the +1 whip of Jaown {flame, Fly rPois Will+}
   (You took it off a gnoll bouda on level 8 of the Dungeon)

   It burns those it strikes, dealing additional fire damage.
   rPois:     It protects you from poison.
   Fly:       It grants you flight.
   Will:      It increases your willpower.
Missiles
 w - 2 throwing nets
Armour
 f - the +2 robe of the Harvest (worn) {Int+2 Dex-3 Archmagi}
   (You found it on level 3 of the Dungeon)

   Int:       It affects your intelligence (+2).
   Dex:       It affects your dexterity (-3).
   Archmagi:  It increases the power of your magical spells.
 n - a +3 leather armour of cold resistance
 r - the +1 pair of gloves of Osmaqun (worn) {rElec rF+ rCorr Dex-2}
   (You found it on level 3 of the Dungeon)

   Dex:       It affects your dexterity (-2).
   rF:        It protects you from fire.
   rElec:     It insulates you from electricity.
   rCorr:     It protects you from acid and corrosion.
 t - an orb of light
 N - a +0 robe of willpower
 O - a +0 crystal plate armour
Magical Staves
 M - a staff of fire
Jewellery
 a - a +4 ring of protection
 q - an amulet of faith
 s - a ring of willpower
 v - a +4 ring of evasion (right hand)
 L - an amulet of the acrobat
 P - a ring of magical power (left hand)
Wands
 B - a wand of quicksilver (6)
 G - a wand of flame (3)
 I - a wand of charming (8)
Scrolls
 b - 7 scrolls of teleportation
 p - 5 scrolls of fear
 x - a scroll of blinking
 y - 4 scrolls of vulnerability
 E - a scroll of silence
 F - 2 scrolls of butterflies
 K - a scroll of enchant weapon
Potions
 d - 3 potions of mutation
 e - a potion of resistance
 g - 3 potions of lignification
 h - 2 potions of cancellation
 i - 10 potions of curing
 k - a potion of berserk rage
 l - 3 potions of heal wounds
 m - 3 potions of brilliance
 o - 5 potions of attraction
 u - a potion of flight
 z - 2 potions of might
 D - 2 potions of invisibility
 J - a potion of ambrosia


   Skills:
 + Level 5.9 Fighting
 - Level 2.6 Short Blades
 + Level 5.2 Armour
 + Level 5.9 Dodging
 + Level 6.6 Stealth
 + Level 6.0 Spellcasting
 + Level 6.4 Conjurations
 + Level 5.6 Hexes
 * Level 8.0 Summonings
 + Level 6.3 Fire Magic
 * Level 10.4 Invocations


You had 14 spell levels left.
You knew the following spells:

 Your Spells              Type           Power      Damage    Failure   Level
a - Foxfire               Conj/Fire      100%       2x1d9     1%          1
b - Scorch                Fire           100%       2d10      1%          2
c - Inner Flame           Hex/Fire       51%        N/A       2%          3
d - Summon Guardian Gole  Hex/Summ       55%        N/A       1%          3

Your spell library contained the following spells:

 Spells                   Type           Power      Damage    Failure   Level
 Magic Dart               Conj           100%       1d8       1%          1
 Summon Small Mammal      Summ           100%       N/A       1%          1
 Searing Ray              Conj           100%       2d8       1%          2
 Call Canine Familiar     Summ           60%        N/A       1%          3
 Conjure Flame            Conj/Fire      53%        6-21      1%          3
 Static Discharge         Conj/Air       32%        3-7/arc   3%          2
 Ensorcelled Hibernation  Hex/Ice        60%        N/A       4%          2
 Flame Wave               Conj/Fire      53%        2d13      6%          4
 Sticky Flame             Conj/Fire      53%        2d7       6%          4
 Fulminant Prism          Conj/Hex       25%        3d14      7%          4
 Freeze                   Ice            40%        1d6       9%          1
 Summon Mana Viper        Hex/Summ       55%        N/A       14%         5
 Summon Ice Beast         Ice/Summ       38%        N/A       16%         4
 Hailstorm                Conj/Ice       32%        3d8       22%         4
 Frozen Ramparts          Ice            20%        1d4       26%         3
 Gell's Gravitas          Tloc           10%        N/A       26%         3
 Spider Form              Tmut/Pois      10%        N/A       26%         3
 Teleport Other           Tloc           10%        N/A       26%         3
 Anguish                  Hex/Necr       15%        N/A       26%         4
 Dispel Undead            Necr           10%        3d9       63%         4
 Monstrous Menagerie      Summ           30%        N/A       95%         7
 Dispersal                Tloc           5%         N/A       100%        6


Dungeon Overview and Level Annotations

Branches:
Dungeon (11/15)            Temple (1/1) D:5            Lair (0/5) D:8
    Orc (0/2) D:10        Ossuary (visited)

Altars:
Cheibriados
Dithmenos
Hepliaklqana
Kikubaaqudgha
Nemelex Xobeh
Okawaru
Qazlal
Ru
Sif Muna
Trog
Uskayaw
Vehumet
Wu Jian
Xom
Yredelemnul

Shops:
D:2 *   D:6 ?(!:=   D:10 *

Annotations:
Abyss:1 Eustachio


Innate Abilities, Weirdness & Mutations

Your life essence is reduced to manifest your ancestor. (-10% HP)
You have a pair of antennae on your head.
You are mostly covered in yellow scales. (AC +3)
A weak demonic guardian rushes to your aid.
You are completely covered in sharp spines.


Message History

The cyclops is lightly wounded.
The cyclops throws a large rock.
The large rock hits you.
Casting: Foxfire (safe; 1% risk of failure)
Confirm with . or Enter, or press ? or * to list all spells.
You feel a surge of power!
You conjure some foxfire!
Casting: Foxfire (safe; 1% risk of failure)
Confirm with . or Enter, or press ? or * to list all spells.
You feel a surge of power!
You conjure some foxfire!
The foxfire hits the cyclops but does no damage.
The cyclops is lightly wounded.
The foxfire hits the cyclops.
The cyclops is lightly wounded.
Casting: Foxfire (safe; 1% risk of failure)
Confirm with . or Enter, or press ? or * to list all spells.
You feel a surge of power!
You conjure some foxfire!
The foxfire hits the cyclops.
The cyclops is moderately wounded.
The foxfire hits the cyclops.
The cyclops is moderately wounded.
The foxfire hits the cyclops but does no damage.
The cyclops is moderately wounded.
Your foxfire dissipates!
The cyclops throws a large rock.
The large rock hits you!!
Casting: Foxfire (safe; 1% risk of failure)
Confirm with . or Enter, or press ? or * to list all spells.
You feel a surge of power!
You conjure some foxfire!
Casting: Foxfire (safe; 1% risk of failure)
Confirm with . or Enter, or press ? or * to list all spells.
You can't see any susceptible monsters within range! (Use Z to cast anyway.)
The foxfire hits the cyclops!
The cyclops is heavily wounded.
The cyclops throws a large rock.
The large rock hits you!!
A demonic guardian appears!
Casting: Foxfire (safe; 1% risk of failure)
Confirm with . or Enter, or press ? or * to list all spells.
You can't see any susceptible monsters within range! (Use Z to cast anyway.)
You swap places.
The cyclops throws a large rock.
The large rock closely misses your ice devil.
The large rock closely misses Sextus.
The large rock hits you!!
You die...

##### #............
#<..# #.........##.
#.########)).......#
#.R.##.............#
#.#####....###.........#
#.......#### #######.###
#####.### .# #.##### .#
#..[v@# #####'#
.......R.# ....>....#
.......4.# .......C.#
.?.......+ .........#
.........#


You could see the friendly Sextus the battlemage, a cyclops (ally target) and a
friendly ice devil (summoned).

Vanquished Creatures
  An ogre mage (D:10)
  A centaur warrior (D:8)
  2 two-headed ogres
  An ugly thing (D:10)
  A cyclops (D:10)
  Joseph (D:7)
  3 gargoyles
  An unseen horror (D:10)
  A kobold demonologist (D:10)
  A komodo dragon (D:10)
  A troll (D:10)
  A hornet (D:10)
  A polar bear (D:8)
  Prince Ribbit (D:5)
  3 wraiths (D:10)
  A shadow (D:10)
  6 yaks
  A vampire (D:8)
  The ghost of zeram the Chopper, an amateur HOFi (D:4)
  2 wyverns
  A steam dragon (D:8)
  Menkaure (D:5)
  A vampire mosquito (D:10)
  An acid dragon (D:10)
  2 water moccasins
  Duvessa (D:6)
  3 orc warriors
  A black bear (D:2)
  3 ice beasts (D:8)
  3 ogres
  3 wolves (D:8)
  4 centaurs
  An elf zombie (D:6)
  4 kobold brigands
  Blork the orc (D:5)
  5 bullfrogs
  A necrophage (D:8)
  3 gnoll sergeants
  2 elf skeletons (D:6)
  6 wights
  Dowan (D:6)
  7 killer bees
  4 howler monkeys
  3 electric eels
  5 jellies
  2 quasits (D:4)
  A human zombie (D:6)
  A hound (D:5)
  An orc priest (D:8)
  A gnoll bouda (D:7)
  3 iguanas
  9 orc wizards
  2 human skeletons (D:6)
  A centaur simulacrum (D:8)
  3 mummies (Ossuary)
  A killer bee simulacrum (D:8)
  10 gnolls
  5 adders
  2 shadow imps
  A howler monkey simulacrum (D:8)
  3 white imps
  6 ufetubi
  3 adder zombies (Ossuary)
  3 dart slugs
  A worm (D:3)
  19 orcs
  3 bats
  2 bat zombies (D:8)
  7 endoplasms
  A giant cockroach (D:4)
  11 goblins
  7 hobgoblins
  2 jackals (D:3)
  9 kobolds
  4 quokkas
  7 ball pythons
  2 frilled lizards (D:3)
  2 goblin zombies (Ossuary)
  A hobgoblin zombie (Ossuary)
  2 kobold zombies (Ossuary)
  2 orc skeletons (D:6)
  5 quokka zombies (Ossuary)
  8 rats
  2 rat zombies
253 creatures vanquished.

Vanquished Creatures (collateral kills)
  3 two-headed ogres
  A flayed ghost (D:10)
  Pikel (D:8)
  Psyche (D:11)
  3 trolls
  A polar bear (D:8)
  A shadow (D:10)
  A vampire (D:10)
  7 yaks
  2 steam dragons (D:8)
  3 orc warriors
  A wolf (D:8)
  2 ogres (D:10)
  A centaur (D:8)
  2 kobold brigands (D:10)
  A bullfrog (D:8)
  A gnoll sergeant (D:10)
  A wight (D:7)
  2 killer bees (D:9)
  An electric eel (D:8)
  A howler monkey (D:8)
  An orc priest (D:7)
  A gnoll bouda (D:8)
  An orc wizard (D:10)
  A gnoll (D:10)
  2 white imps (D:8)
  A howler monkey simulacrum (D:8)
  7 orcs
  A gnoll zombie (Ossuary)
  2 kobolds (D:11)
  A quokka zombie (Ossuary)
  A foxfire (D:6)
56 creatures vanquished.

Vanquished Creatures (others)
  A yak (D:10)
  6 battlemagi
  422 foxfires
429 creatures vanquished.

Grand Total: 738 creatures vanquished

Notes
Turn   | Place    | Note
-------+----------+-------------------------------------------
     0 | D:1      | croobank the Demonspawn Fire Elementalist began the quest
                  | for the Orb.
     0 | D:1      | Reached XP level 1. HP: 13/13 MP: 3/3
    48 | D:1      | Found a faded altar of an unknown god.
   232 | D:1      | Gained mutation: You are partially covered in yellow
                  | scales. (AC +2) [demonic ancestry]
   232 | D:1      | Reached XP level 2. HP: 9/19 MP: 0/5
  1076 | D:1      | Reached XP level 3. HP: 24/24 MP: 6/6
  1079 | D:1      | Learned a level 2 spell: Scorch
  1148 | D:1      | Learned a level 3 spell: Inner Flame
  1252 | D:2      | Noticed a black bear
  1261 | D:2      | Killed a black bear
  1262 | D:2      | Reached skill level 1 in Short Blades
  1262 | D:2      | Reached XP level 4. HP: 31/31 MP: 1/7
  1664 | D:2      | Reached skill level 1 in Fighting
  1665 | D:2      | Gained mutation: A weak demonic guardian rushes to your
                  | aid. [demonic ancestry]
  1665 | D:2      | Reached XP level 5. HP: 20/37 MP: 8/8
  1821 | D:2      | Found Kaeffat's Assorted Antiques.
  1832 | D:2      | Bought a dyed leather armour for 120 gold pieces
  2370 | D:3      | Identified the +2 robe of the Harvest {Int+2 Dex-3
                  | Archmagi}
  2580 | D:3      | Found a shimmering blue altar of Sif Muna.
  2872 | D:3      | Identified the +1 pair of gloves of Osmaqun {rElec rF+
                  | rCorr Dex-2}
  3738 | D:4      | Found a runed translucent door.
  3739 | D:4      | Noticed zeram's ghost (amateur HOFi)
  3783 | D:4      | Killed zeram's ghost
  3784 | D:4      | Reached skill level 1 in Armour
  3784 | D:4      | Reached skill level 1 in Hexes
  3784 | D:4      | Gained mutation: You have a pair of small antennae on your
                  | head. [demonic ancestry]
  3784 | D:4      | Reached XP level 6. HP: 40/43 MP: 1/10
  4212 | D:4      | Gained mutation: You are mostly covered in yellow scales.
                  | (AC +3) [demonic ancestry]
  4212 | D:4      | Reached XP level 7. HP: 47/49 MP: 6/11
  4503 | D:5      | Entered Level 5 of the Dungeon
  4511 | D:5      | Found a staircase to the Ecumenical Temple.
  4527 | Temple   | Entered the Ecumenical Temple
  4531 | Temple   | Became a worshipper of Hepliaklqana the Forgotten
  4793 | D:5      | Reached skill level 1 in Invocations
  4834 | D:5      | Noticed Prince Ribbit
  4839 | D:5      | Killed Prince Ribbit
  4840 | D:5      | Reached skill level 1 in Summonings
  4840 | D:5      | Reached skill level 2 in Invocations
  4840 | D:5      | Noticed Eustachio
  5057 | D:5      | Noticed Blork the orc
  5062 | D:5      | Killed Blork the orc
  5236 | D:5      | Noticed Menkaure
  5245 | D:5      | Killed Menkaure
  5246 | D:5      | Gained mutation: You are partially covered in sharp spines.
                  | [demonic ancestry]
  5246 | D:5      | Reached XP level 8. HP: 25/57 MP: 9/13
  5336 | D:5      | Banished Eustachio
  5337 | D:5      | Reached skill level 3 in Invocations
  5969 | D:6      | Reached skill level 4 in Invocations
  5984 | D:6      | Found a sand-covered staircase.
  5998 | Ossuary  | Entered an ossuary
  6399 | Ossuary  | Learned a level 3 spell: Summon Guardian Golem
  6540 | Ossuary  | Reached * piety under Hepliaklqana
  6680 | D:6      | Reached XP level 9. HP: 56/56 MP: 14/14
  6988 | D:6      | Found Yskom's Antique Weapon Emporium.
  6990 | D:6      | Found Wiminal's Magic Scroll Boutique.
  6998 | D:6      | Bought 3 scrolls of teleportation for 99 gold pieces
  6998 | D:6      | Bought a scroll of identify for 22 gold pieces
  7010 | D:6      | Found Pumemeikk's Distillery.
  7203 | D:6      | Found Sewkup's Book Shop.
  7206 | D:6      | Noticed Dowan
  7207 | D:6      | Found Woxiclel's Jewellery Shop.
  7209 | D:6      | Noticed Duvessa
  7210 | D:6      | Killed Dowan
  7216 | D:6      | Killed Duvessa
  7827 | D:7      | Noticed Joseph
  7835 | D:7      | Killed Joseph
  7836 | D:7      | Reached skill level 5 in Invocations
  8160 | D:7      | Identified the +2 spear of Freehold {vorpal, rPois}
  8420 | D:7      | Reached ** piety under Hepliaklqana
  8421 | D:7      | Remembered your ancestor Sextus as a battlemage
  8748 | D:7      | Found a sacrificial altar of Ru.
  8956 | D:8      | Reached skill level 6 in Invocations
  9142 | D:8      | Gained mutation: You are mostly covered in sharp spines.
                  | [demonic ancestry]
  9142 | D:8      | Reached XP level 10. HP: 63/63 MP: 7/16
  9241 | D:8      | Found a staircase to the Lair.
  9359 | D:8      | Reached skill level 5 in Summonings
  9363 | D:8      | Reached skill level 5 in Fire Magic
  9371 | D:8      | Reached skill level 5 in Stealth
  9402 | D:8      | Reached skill level 7 in Invocations
  9618 | D:8      | Noticed Pikel
  9624 | D:8      | Killed Pikel
  9660 | D:8      | Noticed a two-headed ogre
  9662 | D:8      | Identified the +1 whip of Jaown {flame, Fly rPois Will+}
  9778 | D:8      | Noticed a gargoyle
  9783 | D:8      | Reached skill level 5 in Conjurations
  9783 | D:8      | Killed a gargoyle
  9786 | D:8      | Noticed a two-headed ogre
  9795 | D:8      | Killed a two-headed ogre
  9796 | D:8      | Reached skill level 5 in Spellcasting
  9796 | D:8      | Reached skill level 8 in Invocations
 10078 | D:8      | Gained mutation: You have a pair of antennae on your head.
                  | [demonic ancestry]
 10078 | D:8      | Reached XP level 11. HP: 70/70 MP: 18/18
 10259 | D:8      | Noticed a centaur warrior
 10270 | D:8      | Killed a centaur warrior
 10271 | D:8      | Reached skill level 5 in Dodging
 10558 | D:8      | Found an ancient bone altar of Kikubaaqudgha.
 10852 | D:9      | Reached *** piety under Hepliaklqana
 11555 | D:9      | Noticed a two-headed ogre
 11562 | D:9      | Killed a two-headed ogre
 11563 | D:9      | Reached skill level 5 in Fighting
 11900 | D:10     | Entered Level 10 of the Dungeon
 12068 | D:10     | Reached **** piety under Hepliaklqana
 12099 | D:10     | Found Muoriroi's General Store.
 12106 | D:10     | Bought a potion of might for 56 gold pieces
 12128 | D:10     | Found a staircase to the Orcish Mines.
 12163 | D:10     | Reached skill level 9 in Invocations
 12622 | D:10     | Noticed a two-headed ogre
 12632 | D:10     | Killed a two-headed ogre
 12633 | D:10     | Reached skill level 5 in Hexes
 12657 | D:10     | Noticed an ogre mage
 12687 | D:10     | Killed an ogre mage
 12809 | D:10     | Gained mutation: You are completely covered in sharp
                  | spines. [demonic ancestry]
 12809 | D:10     | Reached XP level 12. HP: 77/77 MP: 8/20
 12934 | D:10     | Noticed a two-headed ogre
 12937 | D:10     | Noticed a two-headed ogre
 12938 | D:10     | Reached skill level 5 in Armour
 12938 | D:10     | Reached skill level 10 in Invocations
 12941 | D:10     | Killed a two-headed ogre
 12944 | D:10     | Killed a two-headed ogre
 13669 | D:10     | Found a sparkling altar of Nemelex Xobeh.
 13669 | D:10     | Found a basalt altar of Yredelemnul.
 13670 | D:10     | Found an ornate altar of the Wu Jian Council.
 13670 | D:10     | Found a shadowy altar of Dithmenos.
 13674 | D:10     | Found an iron altar of Okawaru.
 13989 | D:11     | Noticed Psyche
 13995 | D:11     | Killed Psyche
 14143 | D:11     | Hit by a large rock thrown by a cyclops

Illustrated notes

Levels and vault maps discovered:
D:1:      zaba_arrival_water, layout_rooms, chequers_ecumenical_altar_simple,
          minmay_nonomino_d4
D:2:      layout_basic, serial_shops, nicolae_diamond_shop
D:3:      layout_basic, lemuel_round_altar
D:4:      layout_rooms, elyvilon_altar_5, hellmonk_ghost_happy_afterlife,
          serial_demonic, serial_demonic_d, serial_demonic_c, serial_demonic_c,
          serial_demonic_d
D:5:      layout_loops_ring, minmay_temple_entry_junction,
          kennysheep_another_room, minmay_misc_feat_ornament, uniq_menkaure,
          uniq_prince_ribbit1, uniq_eustachio, uniq_blork_the_orc
D:6:      layout_rooms, zin_scriptorium, nicolae_ossuary_entry_catacombs,
          serial_shops, nicolae_shop_waterfront, nicolae_shop_behind_doors,
          nicolae_shop_window_shopping,
          nicolae_shop_competitors_out_of_business, shop,
          nicolae_figureground_pulse, uniq_duvessa
D:7:      layout_loops_corners, nicolae_ru_sacrificial_ziggurat,
          kennysheep_minor_cross, ebering_dispersal_statue_hall,
          amcnicky_mini_pool_small, nrook_campfire, uniq_joseph
D:8:      minmay_imperfect_grid, layout_rooms,
          lemuel_zombie_altar_kikubaaqudgha, lair_entry_dummy, serial_ice,
          serial_ice_c, serial_ice_m, serial_ice_d, serial_ice_j, serial_ice_e,
          serial_ice_n, serial_ice_g, serial_ice_o, serial_ice_b, serial_ice_a,
          uniq_pikel
D:9:      layout_stronghold, minmay_crystal_water
D:10:     minmay_four_partial_circles, layout_irregular_city, minitemple,
          kennysheep_orc_monster_closet_entryway, serial_shops, shop_fountains,
          nzn_random_ring
D:11:     layout_roguey, uniq_psyche, uniq_nergalle
Temple:   hellmonk_temple_two_chambers

Skill      XL: |  1  2  3  4  5  6  7  8  9 10 11 12 |
---------------+-------------------------------------+-----
Stealth        | 2 3 4 5 6 |  6.6
Dodging        | 2 3 4 5 |  5.9
Short Blades   | 1 2 |  2.6
Conjurations   | 2 3 4 5 6 |  6.4
Fire Magic     | 3 4 5 6 |  6.3
Fighting       | 1 2 3 4 5 |  5.9
Armour         | 1 2 3 4 5 |  5.2
Hexes          | 1 2 3 4 5 |  5.6
Spellcasting   | 3 4 5 6 |  6.0
Invocations    | 2 4 6 8 9 10 | 10.4
Summonings     | 2 3 4 6 7 8 |  8.0

Action                   |  1- 3 |  4- 6 |  7- 9 | 10-12 || total
-------------------------+-------+-------+-------+-------++-------
Melee: Dagger            |    34 |    83 |   188 |   161 ||   466
       Punch             |       |     1 |     3 |     2 ||     6
       Unarmed           |       |       |       |     3 ||     3
 Cast: Foxfire           |    24 |    59 |    77 |    89 ||   249
       Scorch            |     1 |    20 |    58 |    97 ||   176
       Inner Flame       |       |       |     2 |     1 ||     3
Invok: Recall Ancestor   |       |       |     1 |       ||     1
       Ancestor Life: Ba |       |       |     1 |       ||     1
  Use: Scroll            |       |    10 |     8 |     8 ||    26
       Potion            |       |     1 |     1 |       ||     2
 Stab: Sleeping          |     1 |     2 |     8 |     1 ||    12
       Distracted        |       |       |       |     2 ||     2
Armor: Robe              |    18 |    48 |   106 |    52 ||   224
Dodge: Dodged            |    24 |    59 |   133 |    95 ||   311
